 Dungeon Crawl Stone Soup version 0.22-a0-480-g991dd4b (webtiles) character file.

31481 CougarLife the Severer (level 13, -3/126 HPs)
             Began as a Hill Orc Fighter on June 14, 2018.
             Was a Priest of Beogh.
             Slain by a yak (8 damage)
             ... on level 4 of the Lair of Beasts on June 15, 2018.
             The game lasted 00:37:12 (18317 turns).

CougarLife the Severer (Hill Orc Fighter)          Turns: 18317, Time: 00:37:13

Health: -3/126     AC: 18    Str: 24    XL:     13   Next: 58%
Magic:  19/19      EV:  4    Int:  8    God:    Beogh [***...]
Gold:   1260       SH: 11    Dex: 12    Spells: 12/12 levels left

rFire    . . .     SeeInvis +   L - +4 war axe of Xulappot {chop, rElec Dex+2}
rCold    + . .     Gourm    .   I - +2 shield
rNeg     . . .     Faith    .   q - +0 plate armour
rPois    +         Spirit   .   P - +1 hat {SInv}
rElec    +         Reflect  .   u - +1 cloak {rPois}
rCorr    .         Harm     .   U - +0 pair of gloves
MR       .....                  (no boots)
Stlth    ..........             d - amulet of magic regeneration
HPRegen  0.31/turn              r - +1 ring of protection
MPRegen  0.41/turn              x - ring of protection from cold

@: no status effects
A: no striking features
a: Smiting, Renounce Religion


You were on level 4 of the Lair of Beasts.
You worshipped Beogh.
Beogh was most pleased with you.
You were hungry.

You visited 3 branches of the dungeon, and saw 16 of its levels.
You also visited: Volcano.

You collected 1260 gold pieces.

Inventory:

Hand Weapons
 i - a +3 scimitar of flaming
 L - the +4 war axe of Xulappot (weapon) {chop, rElec Dex+2}
   (You found it on level 1 of the Lair of Beasts)

   It inflicts extra damage upon your enemies.
   It affects your dexterity (+2).
   It insulates you from electricity.
Armour
 q - a +0 plate armour (worn)
 u - a +1 cloak of poison resistance (worn)
 I - a +2 shield (worn)
 P - a +1 hat of see invisible (worn)
 U - a +0 pair of gloves (worn)
Jewellery
 d - an amulet of magic regeneration (around neck)
 r - a +1 ring of protection (left hand)
 x - a ring of protection from cold (right hand)
 J - an uncursed ring of protection from fire {unknown}
 R - an uncursed ring of positive energy {unknown}
Wands
 h - a wand of iceblast (12)
 w - a wand of random effects (50)
 C - a wand of acid (10)
 D - a wand of digging (11)
 G - a wand of flame (27)
Scrolls
 a - 3 scrolls of identify
 b - 3 scrolls of enchant weapon {unknown}
 l - 4 scrolls of teleportation
 m - 3 scrolls of magic mapping
 o - 4 scrolls of fear {unknown}
 p - 2 scrolls of amnesia {unknown}
 t - 4 scrolls of remove curse {unknown}
 y - 5 scrolls of enchant armour {unknown}
 z - 3 scrolls of vulnerability {unknown}
 A - 4 scrolls of blinking {unknown}
 B - 3 scrolls of immolation {unknown}
 E - a scroll of torment {unknown}
 K - a scroll of fog {unknown}
 O - a scroll of summoning {unknown}
 T - a scroll of random uselessness {unknown}
Potions
 c - a potion of ambrosia {unknown}
 e - a potion of agility
 g - 2 potions of degeneration {unknown}
 j - 4 potions of heal wounds {unknown}
 k - 4 potions of curing {unknown}
 n - a potion of magic {unknown}
 s - 2 potions of invisibility {unknown}
 v - 2 potions of brilliance {unknown}
 F - 2 potions of lignification {unknown}
 H - a potion of berserk rage {unknown}
 M - a potion of haste {unknown}
 N - a potion of mutation {unknown}
 Q - 2 potions of flight {unknown}
 S - a potion of cancellation {unknown}
Comestibles
 f - 38 rations


   Skills:
 + Level 15.0 Fighting
 - Level 12.2 Long Blades
 + Level 16.0 Axes
 - Level 6.0 Armour
 - Level 3.2 Shields
 - Level 8.3 Invocations


You had 12 spell levels left.
You didn't know any spells.
Your spell library contained the following spells:

 Spells                   Type           Power        Failure   Level  Hunger
 Apportation              Tloc           #.....       100%        1    ##.....
 Summon Small Mammal      Summ           #...         100%        1    ##.....
 Animate Skeleton         Necr           N/A          100%        1    ##.....
 Summon Ice Beast         Ice/Summ       #.......     100%        4    #####..
 Call Imp                 Summ           #.......     100%        2    ###....
 Confusing Touch          Hex            #.....       100%        1    ##.....
 Call Canine Familiar     Summ           #.......     100%        3    ####...
 Summon Lightning Spire   Summ/Air       #.......     100%        4    #####..
 Summon Guardian Golem    Hex/Summ       #.......     100%        3    ####...


Dungeon Overview and Level Annotations

Branches:
Dungeon (11/15)            Temple (1/1) D:6            Lair (4/6) D:11
 Shoals (0/4) Lair:4        Snake (0/4) Lair:3          Orc (0/2) D:11

Altars:
Ashenzari
Cheibriados
Dithmenos
Elyvilon
Fedhas
Gozag
Hepliaklqana
Kikubaaqudgha
Makhleb
Nemelex Xobeh
Okawaru
Qazlal
Ru
Sif Muna
Trog
Uskayaw
Vehumet
Wu Jian
Xom
Yredelemnul
Zin
The Shining One

Shops:
D:6 =   D:9 [   D:11 *

Annotations:
Lair:3 exclusion: 2 oklob plants


Message History

You hit the yak. The death yak barely misses you. You block the yak's attack.
You hit the death yak but do no damage.
The death yak is almost dead.
You slash the yak! You block the death yak's attack.
You slice the death yak!!
You kill the death yak!
Beogh accepts your kill.
Your Fighting skill increases to level 15!
Your Axes skill increases to level 16!
Your shield and plate armour prevent you from hitting the yak.
You block the yak's attack.
You slash the yak!
You kill the yak!
Beogh accepts your kill. You block the yak's attack.
You see here a death yak corpse.
You slash the yak!
The yak is moderately wounded.
The yak gores you!
You die...

*#.##****,,,# ##..# ## #..#
#.###,** #...# .#
##.##*....,*#### ##[##
.#####...###...###..#####.#
..#≈#≈.......#......##....#
≈.≈≈≈.....#..........P...÷## ***
≈≈≈≈...#.#**##....##.......#***,,
≈≈≈.....## #..Y#....####.....,,,
≈........#######@..###..#P.###**,
#..........#..#.†###...#....#***,
.###.##.........#............#*,,
###.....#.###...).P.##........*,,
..#.....#.......).?..#,...#...,,,
..#..##..#...#...##.##,,,,,*,,,,,
..####...#.##P...#*(#,,,,*,,,**,,
#.......####.....P#*#,,,,,*,,**,*
..####..............,,,,,,,,,,,,>


You could see a yak.

Vanquished Creatures
  Josephine (D:11)
  Fannar (D:11)
  The ghost of ProzacElf the Fortune-Teller, a journeyman HuGl of Nemelex Xobeh (D:9)
  Erica (D:11)
  2 two-headed ogres
  5 death yaks (Lair:4)
  A fire crab (Lair:4)
  Sonja (Lair:2)
  2 unseen horrors
  Pikel (D:7)
  An ugly thing (D:11)
  2 oklob plants (Lair:3)
  A cyclops (D:10)
  2 centaur zombies (D:11)
  2 spiny frogs (Lair:3)
  2 rime drakes
  2 komodo dragons (Lair:4)
  A troll (D:10)
  The ghost of EazyBreezy the Skirmisher, an amateur DsAK of Lugonu (D:5)
  11 hippogriffs
  3 blink frogs (Lair:4)
  4 wraiths (D:11)
  A spriggan (Lair:4)
  20 yaks
  4 wyverns
  A human (D:11)
  2 nagas (Lair:3)
  3 water moccasins
  An acid dragon (D:11)
  7 porcupines
  4 orc warriors
  A slave (D:7)
  6 ice beasts
  A sky beast (D:10)
  A black bear (Lair:3)
  A necrophage (D:8)
  5 ogres
  2 centaurs
  10 crocodiles
  2 big kobolds
  Blork the orc (D:6)
  5 bullfrogs
  2 wyvern zombies
  2 elf skeletons (D:5)
  The ghost of pmoppi the Ruffian, a weakling TrWr (D:3)
  A scorpion (D:4)
  19 killer bees
  10 wights (D:8)
  A howler monkey (D:7)
  3 crimson imps
  A bullfrog zombie (D:5)
  2 hounds (D:5)
  A human zombie (D:5)
  Crazy Yiuf (D:3)
  3 bullfrog skeletons
  6 orc priests
  Ijyb (D:3)
  A human skeleton (D:5)
  5 iguanas
  13 orc wizards
  9 worker ants
  A hound skeleton (D:4)
  A worker ant zombie (D:6)
  Robin (D:3)
  8 gnolls
  7 adders
  2 adder zombies
  5 adder skeletons
  3 worms
  6 leopard geckos
  36 orcs
  3 ball pythons
  4 giant cockroaches
  18 goblins
  9 hobgoblins
  8 jackals (D:2)
  3 quokkas
  9 bats
  5 frilled lizards
  A jackal skeleton (D:5)
  17 kobolds
  An orc skeleton (D:5)
  An orc zombie (D:5)
  A quokka skeleton (D:4)
  5 rats
363 creatures vanquished.

Vanquished Creatures (collateral kills)
  Gastronok (Lair:1)
  A death yak (Lair:4)
  A spiny frog (Lair:4)
  A rime drake (Lair:4)
  2 komodo dragons
  A polar bear (Lair:4)
  A queen bee (Lair:3)
  2 hippogriffs
  A basilisk (Lair:3)
  5 yaks
  A water moccasin (Lair:4)
  A porcupine (Lair:4)
  A black bear (Lair:4)
  3 wolves (Lair:4)
  A crocodile (Lair:4)
  3 bullfrogs
  14 killer bees (Lair:3)
  2 orcs (D:11)
42 creatures vanquished.

Vanquished Creatures (others)
  An orc sorcerer (Lair:4)
  A slave (D:7)
  3 orc priests
  4 orc wizards
  6 orcs
  2 fungi
  8 plants
25 creatures vanquished.

Grand Total: 430 creatures vanquished

Notes
Turn   | Place    | Note
-------+----------+-------------------------------------------
     0 | D:1      | CougarLife the Hill Orc Fighter began the quest for the Orb.
     0 | D:1      | Reached XP level 1. HP: 19/19 MP: 1/1
   259 | D:1      | Reached XP level 2. HP: 21/27 MP: 2/2
   810 | D:2      | Reached XP level 3. HP: 33/35 MP: 3/3
   826 | D:2      | Reached skill level 5 in Fighting
   900 | D:2      | Reached skill level 3 in Axes
  1200 | D:2      | Reached skill level 4 in Axes
  1258 | D:2      | Reached XP level 4. HP: 42/42 MP: 4/4
  1411 | D:3      | Noticed Ijyb
  1427 | D:3      | Killed Ijyb
  1497 | D:3      | Reached skill level 5 in Axes
  1526 | D:3      | Found a basalt altar of Yredelemnul.
  1540 | D:3      | Found a glowing golden altar of the Shining One.
  1592 | D:3      | Noticed Robin
  1598 | D:3      | Killed Robin
  1598 | D:3      | Reached XP level 5. HP: 48/48 MP: 5/5
  1685 | D:3      | Found a runed door.
  1740 | D:3      | Noticed pmoppi's ghost (weakling TrWr)
  1764 | D:3      | Killed pmoppi's ghost
  1796 | D:3      | Reached skill level 5 in Armour
  1991 | D:3      | Found a hide-covered altar of Uskayaw.
  2034 | D:3      | Found a glowing silver altar of Zin.
  2071 | D:3      | Found a white marble altar of Elyvilon.
  2209 | D:3      | Found a radiant altar of Vehumet.
  2209 | D:3      | Found an ancient bone altar of Kikubaaqudgha.
  2268 | D:3      | Noticed Crazy Yiuf
  2272 | D:3      | Killed Crazy Yiuf
  2272 | D:3      | Reached XP level 6. HP: 56/56 MP: 6/6
  2423 | D:4      | Reached skill level 6 in Axes
  3263 | D:5      | Entered Level 5 of the Dungeon
  3266 | D:5      | Became a worshipper of Beogh the Brigand
  3270 | D:5      | Reached XP level 7. HP: 60/63 MP: 7/7
  3325 | D:5      | Noticed EazyBreezy's ghost (amateur DsAK)
  3336 | D:5      | Killed EazyBreezy's ghost
  3336 | D:5      | Reached skill level 7 in Axes
  3704 | D:5      | Reached XP level 8. HP: 67/73 MP: 8/8
  3706 | D:5      | Reached skill level 8 in Axes
  4210 | D:6      | Noticed Blork the orc
  4224 | D:6      | Killed Blork the orc
  4224 | D:6      | Reached skill level 9 in Axes
  4231 | D:6      | Reached * piety under Beogh
  4699 | D:6      | Found a deep blue altar of Sif Muna.
  4868 | D:6      | Found Qipytin's Jewellery Boutique.
  5073 | D:6      | Found a staircase to the Ecumenical Temple.
  5215 | Temple   | Entered the Ecumenical Temple
  5357 | D:7      | Noticed a hippogriff
  5371 | D:7      | Killed a hippogriff
  5371 | D:7      | Reached skill level 10 in Axes
  5371 | D:7      | Reached XP level 9. HP: 31/84 MP: 9/9
  5418 | D:7      | Noticed Pikel
  5432 | D:7      | Killed Pikel
  5432 | D:7      | Reached skill level 10 in Fighting
  5432 | D:7      | Reached skill level 11 in Axes
  6235 | D:7      | Found Ulosenk's Distillery.
  7051 | D:8      | Reached ** piety under Beogh
  7171 | D:8      | Reached skill level 1 in Invocations
  7171 | D:8      | Reached XP level 10. HP: 92/96 MP: 9/11
  7333 | D:8      | Reached skill level 5 in Invocations
  7488 | D:8      | Found a sparkling altar of Nemelex Xobeh.
  7488 | D:8      | Found an opulent altar of Gozag.
  7489 | D:8      | Found a shattered altar of Ashenzari.
  7510 | D:8      | Found a shimmering altar of Xom.
  7511 | D:8      | Found a hazy altar of Hepliaklqana.
  7512 | D:8      | Noticed a spectral ugly thing
  8079 | D:9      | Noticed ProzacElf's ghost (journeyman HuGl)
  8096 | D:9      | Killed ProzacElf's ghost
  8455 | D:9      | Noticed a two-headed ogre
  8468 | D:9      | Killed a two-headed ogre
  8468 | D:9      | Reached skill level 12 in Axes
  8742 | D:9      | Found Vore's Armour Shoppe.
  9529 | D:10     | Entered Level 10 of the Dungeon
  9537 | D:10     | Noticed a cyclops
  9542 | D:10     | Killed a cyclops
  9710 | D:10     | Reached skill level 13 in Axes
  9717 | D:10     | Reached XP level 11. HP: 67/104 MP: 17/17
  9997 | D:10     | Killed an unseen horror
 10678 | D:11     | Found a staircase to the Lair.
 10975 | D:11     | Reached skill level 14 in Axes
 11021 | D:11     | Noticed Fannar
 11023 | D:11     | Found Fest's Assorted Antiques.
 11062 | D:11     | Killed Fannar
 11288 | D:11     | Noticed Josephine
 11383 | D:11     | Killed Josephine
 12049 | D:11     | Killed an unseen horror
 12221 | D:11     | Noticed Erica
 12261 | D:11     | Killed Erica
 12261 | D:11     | Reached skill level 15 in Axes
 12372 | D:11     | Noticed a two-headed ogre
 12384 | D:11     | Killed a two-headed ogre
 12384 | D:11     | Reached *** piety under Beogh
 12384 | D:11     | Reached XP level 12. HP: 48/118 MP: 18/18
 12796 | D:11     | Found a staircase to the Orcish Mines.
 13253 | Lair:1   | Entered Level 1 of the Lair of Beasts
 13402 | Lair:1   | Noticed Gastronok
 13425 | Lair:1   | Killed Gastronok
 13471 | Lair:1   | Got a twisted war axe
 13472 | Lair:1   | Identified the +4 war axe of Xulappot {chop, rElec Dex+2} (You found it on level 1 of the Lair of Beasts)
 14206 | Lair:2   | Reached skill level 5 in Long Blades
 14395 | Lair:2   | Noticed Sonja
 14396 | Lair:2   | Killed Sonja
 14856 | Lair:3   | Reached **** piety under Beogh
 15041 | Lair:3   | Gained Worak as an ally
 15415 | Lair:3   | Found a dark tunnel.
 15421 | Volcano  | Entered a volcano
 15477 | Lair:3   | Found a staircase to the Snake Pit.
 15703 | Lair:3   | Reached XP level 13. HP: 125/125 MP: 12/19
 15814 | Lair:3   | Reached skill level 10 in Long Blades
 16640 | Lair:4   | Your ally Worak died
 16649 | Lair:4   | Gained Herok as an ally
 16653 | Lair:4   | HP: 6/125 [porcupine (5)]
 16677 | Lair:4   | HP: 5/125 [wyvern (8)]
 17068 | Lair:4   | Found a staircase to the Shoals.
 17124 | Lair:4   | Your ally Herok died
 17157 | Lair:4   | HP: 4/125 [death yak (13)]
 17174 | Lair:4   | HP: 2/125 [porcupine's spines (7)]
 17293 | Lair:4   | HP: 6/125 [blink frog (10)]
 18311 | Lair:4   | HP: 3/125 [death yak (13)]
 18314 | Lair:4   | Reached skill level 15 in Fighting
 18314 | Lair:4   | Reached skill level 16 in Axes
 18317 | Lair:4   | Slain by a yak

Vault maps used:
D:1:      dpeg_arrival_lava_altar, serial_bayou_pond_d, kennysheep_another_room
D:2:      first_ration, minmay_liquid_box, grunt_ministairs_13
D:3:      grunt_temple_overflow_holy_war, zin_scriptorium, elyvilon_altar_1,
          gammafunk_temple_overflow_elements, lemuel_coloured_pillars_altar,
          uniq_crazy_yiuf_cottage, uniq_ijyb, uniq_robin
D:4:      serial_glass, glass_columns_a, glass_columns_a, glass_columns_a,
          item_on_display_a, item_on_display_a, item_on_display_a,
          item_on_display_a
D:5:      nicolae_ossuary_entry_catacombs, dk_noncrumbling_4
D:6:      lemuel_doored_altar, lemuel_temple_firewalk_a, serial_shops,
          kennysheep_mini, kennysheep_cross_room, hangedman_decor_points,
          uniq_blork_the_orc
D:7:      serial_shops, kennysheep_little_box, uniq_pikel
D:8:      regret_index_temple_of_mockery, nicolae_overflow_hidden_temple
D:9:      serial_shops, shop_fountains
D:11:     lair_entry_dummy, erik_orc_3, serial_shops, nicolae_shop_stone,
          grunt_pizzeria, uniq_josephine, uniq_erica, uniq_fannar
Temple:   jpeg_temple_island
Lair:1:   uniq_gastronok
Lair:2:   hangedman_lair_unloving_vines, small_statue_intersection, uniq_sonja
Lair:3:   guppyfry_snake_entry_island, nicolae_volcano_entry_hallway,
          lemuel_fruit_tree, minmay_lair_oklob_chamber
Lair:4:   beast_lair_carwin_large_4, elwin_shoals_entry_rocks, basic_altar,
          grunt_forest_stairs_clearing
Volcano:  volcano_lake

Skill      XL: |  1  2  3  4  5  6  7  8  9 10 11 12 13 |
---------------+----------------------------------------+-----
Fighting       | 4 5 6 7 9 11 12 14 15 | 15.0
Axes           | 4 5 6 7 10 11 13 15 16 | 16.0
Armour         | 5 6 |  6.0
Invocations    | 1 8 |  8.3
Long Blades    | 9 12 | 12.2
Shields        | |  3.2

Action                   |  1- 3 |  4- 6 |  7- 9 | 10-12 | 13-15 || total
-------------------------+-------+-------+-------+-------+-------++-------
Melee: War axe           |   151 |   191 |   400 |   722 |    42 ||  1506
       Scimitar          |       |       |       |       |   133 ||   133
Invok: Convert to Beogh  |       |     1 |       |       |       ||     1
       Smiting           |       |       |       |    15 |     7 ||    22
       Recall Orcish Fol |       |       |       |       |     1 ||     1
Evoke: Wand              |       |       |       |     1 |       ||     1
  Use: Potion            |       |     1 |     3 |     4 |     2 ||    10
       Scroll            |       |     3 |       |     9 |     5 ||    17
 Stab: Distracted        |       |       |       |     2 |     2 ||     4
  Eat: Chunk             |     2 |     5 |    11 |    21 |     4 ||    43
       Ration            |       |       |     1 |     2 |     1 ||     4
Armor: Scale mail        |    73 |       |       |       |       ||    73
       Plate armour      |       |   127 |   222 |   467 |    72 ||   888
Dodge: Dodged            |    63 |    32 |    58 |    99 |    17 ||   269
Block: Shield            |    85 |    90 |   171 |   292 |    95 ||   733
       Rpst.: Scimitar   |       |       |       |       |     3 ||     3

Table legend:
 A = Spawn XP
 B = Non-spawn XP
 C = Spawn XP percentage of total XP
 D = Spawn monster count
 E = Non-spawn monster count
 F = Spawn count percentage of total count
 G = Total turns spent on level
                    A         B        C        D         E        F      G
               +---------+---------+-------+---------+---------+-------+---------
         Total |       0 |   44973 |   0.0 |       0 |     404 |   0.0 | 18317
               +---------+---------+-------+---------+---------+-------+---------
           D:1 |       0 |      32 |   0.0 |       0 |      22 |   0.0 |   847
           D:2 |       0 |      50 |   0.0 |       0 |      24 |   0.0 |   564
           D:3 |       0 |     263 |   0.0 |       0 |      33 |   0.0 |   919
           D:4 |       0 |     255 |   0.0 |       0 |      12 |   0.0 |   933
           D:5 |       0 |    1057 |   0.0 |       0 |      28 |   0.0 |   943
           D:6 |       0 |     437 |   0.0 |       0 |      19 |   0.0 |  1059
           D:7 |       0 |    1783 |   0.0 |       0 |      13 |   0.0 |  1407
           D:8 |       0 |    1752 |   0.0 |       0 |      35 |   0.0 |  1281
           D:9 |       0 |    2643 |   0.0 |       0 |      24 |   0.0 |  1501
          D:10 |       0 |    3862 |   0.0 |       0 |      31 |   0.0 |  1671
          D:11 |       0 |    9386 |   0.0 |       0 |      49 |   0.0 |  2053
        Lair:1 |       0 |    2540 |   0.0 |       0 |       5 |   0.0 |   791
        Lair:2 |       0 |    3938 |   0.0 |       0 |      18 |   0.0 |   772
        Lair:3 |       0 |    5842 |   0.0 |       0 |      48 |   0.0 |  1239
        Lair:4 |       0 |   11133 |   0.0 |       0 |      43 |   0.0 |  2240
               +---------+---------+-------+---------+---------+-------+---------
